PBL
PITTSBURGH PIRATES @ PHILADELPHIA PHILLIES
06/04/2071
 
TOP OF THE 1ST
Pittsburgh Pirates batting - Pitching for Philadelphia Phillies : RHP Fernando Núñez
Pitching: RHP Fernando Núñez
Batting: RHB John Simpson 0-0: Ball
1-0: Called Strike
1-1: Foul Ball, location: 3F
1-2: SINGLE (Line Drive, 56, EV 96.9 MPH)
Batting: LHB Kirila Naretha 0-0: Foul Ball, location: 7LSF
0-1: Ball
1-1: Fielders Choice at 2nd, 4-6 (Groundball, 4M, EV 84.4 MPH)
Batting: RHB Spencer Knight 0-0: Ball
1-0: Ball
2-0: Fielders Choice at 2nd, 1-4 (Groundball, 15, EV 66.3 MPH)
Batting: RHB Zong-yuan Yue 0-0: Ball
1-0: Ball
2-0: Called Strike
2-1: Called Strike
2-2: Foul Ball, location: 2F
2-2: Ball
3-2: Base on Balls
Spencer Knight to second
Batting: RHB George Alexander 0-0: Ball
1-0: Foul Ball, location: 9LMF
1-1: Ball
2-1: Ball
3-1: Base on Balls
Spencer Knight to third
Zong-yuan Yue to second
Batting: LHB Greg Meyer 0-0: Ball
1-0: Fly out, F8 (Flyball, 78XD, EV 85.0 MPH)
Top of the 1st over - 0 runs, 1 hit, 0 errors, 3 left on base; Pittsburgh 0 - Philadelphia 0
BOTTOM OF THE 1ST
Philadelphia Phillies batting - Pitching for Pittsburgh Pirates : RHP Takeru Kimura
Pitching: RHP Takeru Kimura
Batting: LHB Iván Ruíz 0-0: Ball
1-0: Foul Ball, location: 2RF
1-1: Foul Ball, location: 2F
1-2: Ball
2-2: Fly out, F5 (Popup, 25F, EV 75.6 MPH)
Batting: LHB Alonso Castillo 0-0: Ball
1-0: Ball
2-0: Ball
3-0: Called Strike
3-1: Base on Balls
Batting: RHB Armando Gracía 0-0: Foul Ball, location: 2F
0-1: Ball
1-1: 2-RUN HOME RUN (Flyball, 9LD, EV 96.3 MPH), Distance : 351 ft
Batting: RHB Ezra Schneider 0-0: Called Strike
0-1: Foul Ball, location: 3F
0-2: Strikes out swinging
Batting: RHB Atas Sekayi 0-0: Called Strike
0-1: Foul Ball, location: 25F
0-2: Strikes out looking
Bottom of the 1st over - 2 runs, 1 hit, 0 errors, 0 left on base; Pittsburgh 0 - Philadelphia 2
TOP OF THE 2ND
Pittsburgh Pirates batting - Pitching for Philadelphia Phillies : RHP Fernando Núñez
Batting: LHB Lúcio Rivera 0-0: Ball
1-0: Ball
2-0: Ball
3-0: Called Strike
3-1: SINGLE (Groundball, 56, EV 101.3 MPH)
Batting: LHB Paul O'Brien 0-0: Fielders Choice at 2nd, 3-6 (Groundball, 3, EV 85.0 MPH)
Batting: RHB Jorge Medina 0-0: Foul Ball, location: 9LDF
Pickoff Throw to First - Error! E1
Paul O'Brien to second
0-1: Called Strike
0-2: Strikes out looking
Batting: RHB John Simpson 0-0: Called Strike
0-1: Ground out U3 (Groundball, 3, EV 109.4 MPH)
Top of the 2nd over - 0 runs, 1 hit, 1 error, 1 left on base; Pittsburgh 0 - Philadelphia 2
BOTTOM OF THE 2ND
Philadelphia Phillies batting - Pitching for Pittsburgh Pirates : RHP Takeru Kimura
Pitching: RHP Bill Day
Batting: RHB Joe Bayer 0-0: Swinging Strike
0-1: Ground out 5-3 (Groundball, 56, EV 106.3 MPH)
Batting: RHB Kei Goto 0-0: Swinging Strike
0-1: Called Strike
0-2: Foul Ball, location: 7LMFF
0-2: Ball
1-2: Foul Ball, location: 2RF
1-2: Strikes out swinging
Batting: LHB César Pérez 0-0: Fly out, F6 (Popup, 6, EV 55.0 MPH)
Bottom of the 2nd over - 0 runs, 0 hits, 0 errors, 0 left on base; Pittsburgh 0 - Philadelphia 2
TOP OF THE 3RD
Pittsburgh Pirates batting - Pitching for Philadelphia Phillies : RHP Fernando Núñez
Batting: LHB Kirila Naretha 0-0: Swinging Strike
0-1: Swinging Strike
0-2: Foul Ball, location: 3F
0-2: Foul Ball, location: 2F
0-2: Ball
1-2: Foul Ball, location: 25F
1-2: Ball
2-2: Ball
3-2: Fly out, F3 (Popup, 3SF, EV 83.1 MPH)
Batting: RHB Spencer Knight 0-0: Ball
1-0: Called Strike
1-1: SINGLE (Groundball, 6D, EV 97.5 MPH)
Batting: RHB Zong-yuan Yue 0-0: 2-RUN HOME RUN (Flyball, 9LD, EV 95.6 MPH), Distance : 360 ft
Batting: RHB George Alexander 0-0: Ball
1-0: Called Strike
1-1: Fly out, F9 (Flyball, 89M, EV 86.9 MPH)
Batting: LHB Greg Meyer 0-0: Called Strike
0-1: Ball
1-1: SINGLE (Flyball, 34D, EV 91.3 MPH)
Batting: LHB Lúcio Rivera 0-0: SINGLE (Line Drive, 9S, EV 92.5 MPH)
Greg Meyer to second
Runner from 2nd tries for 3rd, SAFE, throw by RF made to third
Batting: LHB Paul O'Brien 0-0: Ball
1-0: Fly out, F4 (Line Drive, 4M, EV 73.1 MPH)
Top of the 3rd over - 2 runs, 4 hits, 0 errors, 2 left on base; Pittsburgh 2 - Philadelphia 2
BOTTOM OF THE 3RD
Philadelphia Phillies batting - Pitching for Pittsburgh Pirates : RHP Bill Day
Batting: RHB Vincente López 0-0: Ball
1-0: Ball
2-0: Foul Ball, location: 9LDF
2-1: Swinging Strike
2-2: Ball
3-2: Strikes out swinging
Batting: LHB Iván Ruíz 0-0: Called Strike
0-1: Ball
1-1: Ball
2-1: Ball
3-1: Base on Balls
Batting: LHB Alonso Castillo 0-0: Foul Ball, location: 5F
0-1: Ball
1-1: Foul Ball, location: 7LMF
1-2: Ball
2-2: Ball
3-2: Foul Ball, location: 7LMF
3-2: Foul Ball, location: 2F
3-2: Fly out, F8 (Line Drive, 8RD, EV 98.8 MPH)
Batting: RHB Armando Gracía 0-0: Ball
1-0: Ball
2-0: Swinging Strike
2-1: Swinging Strike
2-2: Foul Ball, location: 3FF
2-2: Ball
3-2: Fly out, F6 (Popup, 6M, EV 70.0 MPH)
Bottom of the 3rd over - 0 runs, 0 hits, 0 errors, 1 left on base; Pittsburgh 2 - Philadelphia 2
TOP OF THE 4TH
Pittsburgh Pirates batting - Pitching for Philadelphia Phillies : RHP Fernando Núñez
Batting: RHB Jorge Medina 0-0: Foul Ball, location: 5FF
0-1: Ball
1-1: Ground out 6-3 (Groundball, 6, EV 91.3 MPH)
Batting: RHB John Simpson 0-0: Ball
1-0: Called Strike
1-1: DOUBLE (Line Drive, 89M, EV 86.3 MPH)
Batting: LHB Kirila Naretha 0-0: Swinging Strike
0-1: Ground out U3 (Groundball, 3, EV 99.4 MPH)
John Simpson to third
Batting: RHB Spencer Knight 0-0: Ball
1-0: SINGLE (Line Drive, 4D, EV 99.4 MPH)
John Simpson scores
Batting: RHB Zong-yuan Yue 0-0: Swinging Strike
0-1: Ball
1-1: Foul Ball, location: 2F
1-2: Strikes out looking
Top of the 4th over - 1 run, 2 hits, 0 errors, 1 left on base; Pittsburgh 3 - Philadelphia 2
BOTTOM OF THE 4TH
Philadelphia Phillies batting - Pitching for Pittsburgh Pirates : RHP Bill Day
Batting: RHB Ezra Schneider 0-0: Called Strike
0-1: SINGLE (Line Drive, 8LS, EV 96.9 MPH)
Batting: RHB Atas Sekayi 0-0: Swinging Strike
0-1: Foul Ball, location: 25FF
0-2: Strikes out swinging
Batting: RHB Joe Bayer 0-0: Called Strike
0-1: Ball
1-1: Swinging Strike
1-2: Foul Ball, location: 2F
1-2: Strikes out looking
Batting: RHB Kei Goto 0-0: Ball
1-0: Ball
2-0: Swinging Strike
2-1: Foul Ball, location: 25F
2-2: Foul Ball, location: 7LDF
2-2: Ball
3-2: Strikes out swinging
Bottom of the 4th over - 0 runs, 1 hit, 0 errors, 1 left on base; Pittsburgh 3 - Philadelphia 2
TOP OF THE 5TH
Pittsburgh Pirates batting - Pitching for Philadelphia Phillies : RHP Fernando Núñez
Batting: RHB George Alexander 0-0: Ball
1-0: Swinging Strike
1-1: Foul Ball, location: 2F
1-2: Ball
2-2: Ball
3-2: Fly out, F9 (Flyball, 9S, EV 96.3 MPH)
Batting: LHB Greg Meyer 0-0: Called Strike
0-1: Swinging Strike
0-2: Ball
1-2: Ball
2-2: Foul Ball, location: 2F
2-2: Strikes out looking
Batting: LHB Lúcio Rivera 0-0: Called Strike
0-1: Ball
1-1: Ground out 1-3 (Groundball, 15S, EV 69.4 MPH)
Top of the 5th over - 0 runs, 0 hits, 0 errors, 0 left on base; Pittsburgh 3 - Philadelphia 2
BOTTOM OF THE 5TH
Philadelphia Phillies batting - Pitching for Pittsburgh Pirates : RHP Bill Day
Batting: LHB César Pérez 0-0: Ball
1-0: Fly out, F8 (Flyball, 8RD, EV 102.5 MPH)
Batting: RHB Vincente López 0-0: Called Strike
0-1: Ground out 4-3 (Groundball, 4S, EV 72.5 MPH)
Batting: LHB Iván Ruíz 0-0: Ball
1-0: Fly out, F9 (Flyball, 89M, EV 91.9 MPH)
Bottom of the 5th over - 0 runs, 0 hits, 0 errors, 0 left on base; Pittsburgh 3 - Philadelphia 2
TOP OF THE 6TH
Pittsburgh Pirates batting - Pitching for Philadelphia Phillies : RHP Fernando Núñez
Batting: LHB Paul O'Brien 0-0: Swinging Strike
0-1: SINGLE (Line Drive, 9S, EV 97.5 MPH)
Batting: RHB Jorge Medina 0-0: Called Strike
0-1: Ball
1-1: Grounds into double play, 1-6-3 (Groundball, 13S, EV 75.6 MPH)
Batting: RHB John Simpson 0-0: Called Strike
0-1: Called Strike
0-2: Ball
1-2: Ball
2-2: Ball
3-2: Fly out, F9 (Flyball, 9, EV 88.1 MPH)
Top of the 6th over - 0 runs, 1 hit, 0 errors, 0 left on base; Pittsburgh 3 - Philadelphia 2
BOTTOM OF THE 6TH
Philadelphia Phillies batting - Pitching for Pittsburgh Pirates : RHP Bill Day
Batting: LHB Alonso Castillo 0-0: Foul Ball, location: 3F
0-1: Ball
1-1: Ball
2-1: Called Strike
2-2: Foul Ball, location: 7LMF
2-2: Strikes out looking
Batting: RHB Armando Gracía 0-0: Foul Ball, location: 2F
0-1: Ground out 5-3 (Groundball, 56, EV 100.0 MPH)
Batting: RHB Ezra Schneider 0-0: Called Strike
0-1: Ball
1-1: Ball
2-1: Foul Ball, location: 2F
2-2: Ball
3-2: Foul Ball, location: 9LSFF
3-2: Foul Ball, location: 2F
3-2: Ground out 6-3 (Groundball, 6M, EV 100.0 MPH)
Bottom of the 6th over - 0 runs, 0 hits, 0 errors, 0 left on base; Pittsburgh 3 - Philadelphia 2
TOP OF THE 7TH
Pittsburgh Pirates batting - Pitching for Philadelphia Phillies : RHP Fernando Núñez
Batting: LHB Kirila Naretha 0-0: Called Strike
0-1: Ball
1-1: Foul Ball, location: 7LDF
1-2: Ball
2-2: SINGLE (Line Drive, 9S, EV 96.3 MPH)
Pitching: RHP Paulus van Emden
Batting: RHB Spencer Knight 0-0: Ball
1-0: Ball
2-0: Called Strike
2-1: Ball
3-1: Fly out, F8 (Line Drive, 8LM, EV 92.5 MPH)
Batting: RHB Zong-yuan Yue 0-0: Ball
1-0: Ball
2-0: Foul Ball, location: 2F
2-1: Fly out, F9 (Flyball, 9, EV 99.4 MPH)
Batting: RHB George Alexander 0-0: Ball
1-0: SINGLE (Line Drive, 7LS, EV 105.0 MPH)
Kirila Naretha to second
Batting: LHB Greg Meyer 0-0: Called Strike
0-1: Swinging Strike
0-2: Strikes out swinging
Top of the 7th over - 0 runs, 2 hits, 0 errors, 2 left on base; Pittsburgh 3 - Philadelphia 2
BOTTOM OF THE 7TH
Philadelphia Phillies batting - Pitching for Pittsburgh Pirates : RHP Bill Day
Batting: RHB Atas Sekayi 0-0: Ball
1-0: Fly out, F3 (Popup, 23F, EV 81.9 MPH)
Batting: RHB Joe Bayer 0-0: Called Strike
0-1: Swinging Strike
0-2: Ball
1-2: Strikes out looking
Batting: RHB Kei Goto 0-0: SINGLE (Groundball, 3D, EV 100.0 MPH)
Batting: LHB César Pérez 0-0: Foul Ball, location: 7LDF
0-1: Called Strike
0-2: Ball
1-2: Foul Ball, location: 2F
1-2: Fly out, F4 (Line Drive, 34D, EV 69.4 MPH)
Bottom of the 7th over - 0 runs, 1 hit, 0 errors, 1 left on base; Pittsburgh 3 - Philadelphia 2
TOP OF THE 8TH
Pittsburgh Pirates batting - Pitching for Philadelphia Phillies : RHP Paulus van Emden
Batting: LHB Lúcio Rivera 0-0: Called Strike
0-1: Ball
1-1: Called Strike
1-2: Ball
2-2: SOLO HOME RUN (Flyball, 7LD, EV 93.8 MPH), Distance : 341 ft
Batting: LHB Paul O'Brien 0-0: Called Strike
0-1: Ball
1-1: SINGLE (Line Drive, 8LS, EV 91.9 MPH)
Batting: RHB Jorge Medina 0-0: Called Strike
0-1: Ball
1-1: Ball
2-1: Ball
3-1: Base on Balls
Paul O'Brien to second
Batting: RHB John Simpson 0-0: Fly out, F9 (Flyball, 9, EV 93.8 MPH)
Batting: LHB Kirila Naretha 0-0: Ball
1-0: Foul Ball, location: 9LMF
1-1: Ball
2-1: SINGLE (Line Drive, 7S, EV 106.9 MPH)
Paul O'Brien to third
Jorge Medina to second
Runner from 3rd tries for Home, SAFE, throw by LF to home
Batting: RHB Spencer Knight 0-0: Called Strike
0-1: Ball
1-1: Ball
2-1: Grounds into double play, 6-4-3 (Groundball, 6, EV 101.9 MPH)
Top of the 8th over - 2 runs, 3 hits, 0 errors, 1 left on base; Pittsburgh 5 - Philadelphia 2
BOTTOM OF THE 8TH
Philadelphia Phillies batting - Pitching for Pittsburgh Pirates : RHP Bill Day
Batting: RHB Vincente López 0-0: Fly out, F4 (Line Drive, 4, EV 74.4 MPH)
Batting: LHB Iván Ruíz 0-0: Foul Ball, location: 3F
0-1: Called Strike
0-2: Ball
1-2: Ball
2-2: Ball
3-2: Strikes out swinging
Batting: LHB Alonso Castillo 0-0: Ball
1-0: Called Strike
1-1: Called Strike
1-2: Strikes out swinging
Bottom of the 8th over - 0 runs, 0 hits, 0 errors, 0 left on base; Pittsburgh 5 - Philadelphia 2
TOP OF THE 9TH
Pittsburgh Pirates batting - Pitching for Philadelphia Phillies : RHP Paulus van Emden
Pitching: RHP Ids Keijzer
Batting: RHB Zong-yuan Yue 0-0: Ball
1-0: Foul Ball, location: 5FF
1-1: Called Strike
1-2: Ball
2-2: Foul Ball, location: 3FF
2-2: Ball
3-2: SINGLE (Line Drive, 89S, EV 95.0 MPH)
Batting: RHB George Alexander 0-0: Ball
1-0: Swinging Strike
1-1: Foul Ball, location: 5F
1-2: Fly out, F8 (Flyball, 8LM, EV 88.1 MPH)
Batting: LHB Greg Meyer 0-0: Ball
1-0: Ball
2-0: Fly out, F2 (Popup, 5SF, EV 72.5 MPH)
Batting: LHB Lúcio Rivera 0-0: Ground out 4-3 (Groundball, 4D, EV 104.4 MPH)
Top of the 9th over - 0 runs, 1 hit, 0 errors, 1 left on base; Pittsburgh 5 - Philadelphia 2
BOTTOM OF THE 9TH
Philadelphia Phillies batting - Pitching for Pittsburgh Pirates : RHP Bill Day
Batting: RHB Armando Gracía 0-0: Called Strike
0-1: Ball
1-1: Ball
2-1: Ball
3-1: Base on Balls
Batting: RHB Ezra Schneider 0-0: Fly out, F3 (Popup, 3SF, EV 85.6 MPH)
Batting: RHB Atas Sekayi 0-0: Ball
1-0: Ball
2-0: Called Strike
2-1: Called Strike
2-2: Ball
3-2: Fly out, F8 (Flyball, 89D, EV 101.3 MPH)
Pitching: RHP Curt Williams
Batting: RHB Joe Bayer 0-0: Ball
1-0: Ball
2-0: Fly out, F9 (Flyball, 9D, EV 97.5 MPH)
Bottom of the 9th over - 0 runs, 0 hits, 0 errors, 1 left on base; Pittsburgh 5 - Philadelphia 2
Saturday, April 20th , 2024 - OOTP Baseball 24.10 Build 82